 Dungeon Crawl Stone Soup version 0.27-a0-1529-g1e82c303ef (webtiles) character file.

Game seed: 9325205919652209728

9289 gimp the Cleaver (level 11, 0/84 HPs)
             Began as a Formicid Chaos Knight on July 12, 2021.
             Was a Plaything of Xom.
             Slain by Grum (13 damage)
             ... on level 9 of the Dungeon.
             The game lasted 00:22:33 (12384 turns).

gimp the Cleaver (Formicid Chaos Knight)           Turns: 12384, Time: 00:22:34

Health: 0/84       AC:  7    Str: 21    XL:     11   Next: 71%
Magic:  12/12      EV: 13    Int: 11    God:    Xom [....*.]
Gold:   701        SH:  5    Dex: 10    Spells: 10/10 levels left

rFire    + . .     SeeInvis +   a - +2 hand axe (venom)
rCold    . . .     Faith    .   s - +0 buckler
rNeg     . . .     Spirit   .   h - +3 leather armour {rF+}
rPois    +         Reflect  .   (helmet unavailable)
rElec    .         Harm     .   (no cloak)
rCorr    +         Rampage  .   o - +1 pair of gloves
Will     +....                  (no boots)
Stlth    +.........             (no amulet)
HPRegen  0.24/turn              c - ring of resist corrosion
MPRegen  0.13/turn              l - +4 ring of slaying

@: no status effects
A: permanent stasis, dig shafts and tunnels, antennae 3, four strong arms, claws
1, fangs 1, deformed body, high mp 1, poison resistance, screaming 1
a: Dig, Shaft Self, Renounce Religion


You were on level 9 of the Dungeon.
You worshipped Xom.
You were a beloved toy of Xom.
You visited 1 branch of the dungeon, and saw 9 of its levels.

You collected 1364 gold pieces.
You spent 663 gold pieces at shops.

Inventory:

Hand Weapons
 a - a +2 hand axe of venom (weapon)
 b - a +0 hand axe of chaos
 i - the +1 hand axe "Unaczen" {vamp, rC++ rN++ Int-3}
   (You found it on level 5 of the Dungeon)

   It inflicts no extra harm, but heals its wielder when it wounds a living foe.
   Int:       It affects your intelligence (-3).
   rC:        It greatly protects you from cold.
   rN:        It greatly protects you from negative energy.
 u - a +0 scimitar of flaming
 A - a +0 war axe of freezing
Missiles
 g - 8 curare-tipped darts
 v - 58 poisoned darts
 w - 4 boomerangs of dispersal
 I - a throwing net
Armour
 h - a +3 leather armour of fire resistance (worn)
 o - a +1 pair of gloves (worn)
 s - a +0 buckler (worn)
 F - +0 acid dragon scales
Jewellery
 c - a ring of resist corrosion (left hand)
 l - a +4 ring of slaying (right hand)
 n - a ring of fire
 q - the ring of Fouddost {rC+ Will+ Int-5 Dex+3}
   (Xom gifted it to you on level 3 of the Dungeon)

   [ring of willpower]

   Int:       It affects your intelligence (-5).
   Dex:       It affects your dexterity (+3).
   rC:        It protects you from cold.
   Will:      It increases your willpower.
Wands
 f - a wand of acid (5)
 k - a wand of digging (6)
 m - a wand of polymorph (9)
 B - a wand of iceblast (2)
 G - a wand of paralysis (3)
Scrolls
 x - 2 scrolls of immolation
 D - 3 scrolls of identify
Potions
 d - 2 potions of lignification
 e - 3 potions of brilliance
 j - 3 potions of flight
 p - a potion of might
 r - a potion of cancellation
 t - a potion of mutation
 C - a potion of invisibility
 E - 3 potions of ambrosia
 H - a potion of attraction {unknown}
Miscellaneous
 y - a tin of tremorstones (inert)


   Skills:
 + Level 7.4 Fighting
 * Level 13.7 Axes
 + Level 6.4 Armour
 - Level 5.0 Dodging
 - Level 5.0 Shields


You had 10 spell levels left.
You didn't know any spells.
Your spell library contained the following spells:

 Spells                   Type           Power      Damage    Failure   Level
 Slow                     Hex            0%         N/A       52%         2
 Confusing Touch          Hex            0%         N/A       77%         3
 Ozocubu's Armour         Ice            0%         N/A       77%         3
 Blade Hands              Tmut           0%         N/A       100%        5
 Irradiate                Conj/Tmut      0%         3d14      100%        5
 Metabolic Englaciation   Hex/Ice        0%         N/A       100%        5
 Yara's Violent Unravell  Hex/Tmut       0%         3d3       100%        5
 Simulacrum               Ice/Necr       0%         N/A       100%        6
 Dragon Form              Tmut           0%         N/A       100%        7


Dungeon Overview and Level Annotations

Branches:
Dungeon (9/15)             Temple (0/1) D:4            Lair (0/6) D:8
    Orc (0/2) D:9

Altars:
Ashenzari
Hepliaklqana
Makhleb
Nemelex Xobeh
Okawaru
Qazlal
Xom
Yredelemnul
Zin
The Shining One

Shops:
D:1 ?:*   D:6 *

Annotations:
D:7 3 runed translucent doors, Nausicaa's ghost, novice TrMo
D:9 Grum


Innate Abilities, Weirdness & Mutations

You cannot be hasted, slowed, berserked, paralysed or teleported.
You can dig through walls and to a lower floor.
You have a pair of large antennae on your head. (SInv)
Your four strong arms can wield two-handed weapons with a shield.
You have sharp fingernails.
You have very sharp teeth.
Armour fits poorly on your strangely shaped body.
You have an increased reservoir of magic. (+10% MP)
Your system is resistant to poisons. (rPois)
You occasionally shout uncontrollably at your foes.


Message History

You slash the wolf!
You kill the wolf!
You hit the wolf.
The wolf is poisoned.
Grum barely misses you. The wolf bites you.
You take 3 damage, and have 62/84 hp.
You miss the wolf.
The wolf is lightly wounded.
You hit the wolf but do no damage.
The wolf is poisoned.
The wolf barely misses you. You block the wolf's attack.
Grum hits you from afar with a -1 spear!
You take 16 damage, and have 46/84 hp.
You slash the wolf!
The wolf looks as sick as possible!
You bite the wolf.
The wolf is almost dead.
You hit the wolf.
The wolf looks as sick as possible!
The wolf bites you. x2
You take 2 damage, and have 44/84 hp.
You hit the wolf.
You kill the wolf!
You hit the wolf.
The wolf looks as sick as possible!
The wolf bites you!
Grum hits you from afar with a -1 spear!!
* * * LOW HITPOINT WARNING * * *
Xom is amused.
The wolf bites you.
* * * LOW HITPOINT WARNING * * *
You take 34 damage, and have 10/84 hp.
MASSIVE DAMAGE!!
Your large abomination disappears in a puff of smoke!
You block the wolf's attack. The wolf closely misses you. The wolf bites you.
* * * LOW HITPOINT WARNING * * *
You take 5 damage, and have 6/84 hp.
You feel better. You block the wolf's attack. x2
You regained 12 hp, and now have 18/84 hp.
The tremorstone explodes into fragments!
The burst of rock shards engulfs Grum!
The tin is emptied!
The wolf bites you but does no damage. The wolf bites you.
* * * LOW HITPOINT WARNING * * *
The wolf closely misses you.
Grum hits you from afar with a -1 spear!
You die...
Xom giggles madly!

....#.....................#
....#.....................#
....#.....................#
....#.....................#
....########..............#
######....##..............#
.................g........#
............)..hh##'######
..).......##....@##†......#
..####....##))...##.......#
..#######'##......#.......#
..#....X..........#.......#
..#...............#.......#
..'...............#.......#
..#...............#.......#
..#...............#
###################


You could see Grum and 2 wolves.

Vanquished Creatures
  Pikel (D:8)
  An unseen horror (D:5)
  Maggie (D:7)
  Psyche (D:9)
  A troll (shapeshifter) (D:6)
  2 hornets
  Prince Ribbit (D:8)
  3 slime creatures (D:9)
  3 shadows
  Sigmund (D:3)
  Eustachio (D:5)
  9 yaks (D:9)
  A steam dragon (D:7)
  Edmund (D:4)
  Menkaure (D:4)
  2 two-headed ogre zombies (D:9)
  An acid dragon (D:8)
  Duvessa (D:4)
  2 water moccasins
  2 ice beasts
  2 necrophages (D:5)
  2 wolves (D:9)
  3 ogres
  2 centaurs
  A phantom (D:8)
  3 kobold brigands
  2 bullfrogs
  Blork the orc (D:5)
  A scorpion (D:7)
  A gnoll sergeant (D:5)
  Dowan (D:4)
  A water moccasin skeleton (D:6)
  3 troll zombies (D:9)
  6 wights
  3 centaur zombies
  4 crimson imps (D:9)
  4 jellies
  6 orc priests
  4 hounds
  A bullfrog skeleton (D:5)
  A gnoll shaman (D:9)
  A centaur skeleton (D:5)
  2 iguanas
  Natasha (thrice) (D:3)
  10 orc wizards
  3 ogre zombies (D:9)
  A hound skeleton (D:4)
  Robin (D:3)
  12 gnolls
  3 adders
  A shadow imp (D:8)
  A white imp (D:7)
  A worm (D:2)
  A dart slug (D:1)
  17 orcs
  11 ball pythons
  5 endoplasms
  3 giant cockroaches
  13 goblins
  13 hobgoblins
  14 jackals
  2 quokkas
  3 bats
  3 frilled lizards
  5 goblin skeletons (D:9)
  3 goblin zombies (D:9)
  2 hobgoblin skeletons (D:9)
  A hobgoblin zombie (D:9)
  23 kobolds
  2 orc skeletons (D:9)
  10 orc zombies (D:9)
  3 rats
261 creatures vanquished.

Vanquished Creatures (collateral kills)
  A centaur zombie (D:9)
  A hound (D:5)
  An endoplasm (D:2)
3 creatures vanquished.

Vanquished Creatures (others)
  An orc zombie (D:9)
1 creature vanquished.

Grand Total: 265 creatures vanquished

Notes
Turn   | Place    | Note
-------+----------+-------------------------------------------
     0 | D:1      | gimp the Formicid Chaos Knight began the quest for the Orb.
     0 | D:1      | Reached XP level 1. HP: 18/18 MP: 1/1
    11 | D:1      | XOM: divination: detect items
    45 | D:1      | Reached XP level 2. HP: 19/24 MP: 2/2
   262 | D:1      | Found Lacro's Jewellery Emporium.
   439 | D:1      | XOM: give mutation
   439 | D:1      | Gained mutation: You possess an exceptional clarity of
                  | mind. [Xom's mischief]
   448 | D:1      | XOM: give mutations
   448 | D:1      | Gained mutation: You occasionally shout uncontrollably at
                  | your foes. [Xom's mischief]
   448 | D:1      | Gained mutation: You sometimes lose the ability to read
                  | scrolls when taking damage. [Xom's mischief]
   448 | D:1      | Gained mutation: You frequently scream uncontrollably at
                  | your foes. [Xom's mischief]
   448 | D:1      | Lost mutation: You frequently scream uncontrollably at your
                  | foes. [Xom's mischief]
   476 | D:1      | Reached XP level 3. HP: 30/30 MP: 3/3
   484 | D:1      | XOM: silly message
   529 | D:1      | Found a faded altar of an unknown god.
   615 | D:1      | Found Lymoh's Magic Scroll Emporium.
   619 | D:1      | XOM: give mutations
   619 | D:1      | Gained mutation: You have an increased reservoir of magic.
                  | (+10% MP) [Xom's grace]
   619 | D:1      | Gained mutation: Your mind is acute. (Int +2) [Xom's grace]
   626 | D:1      | Found Ihura's General Store.
   718 | D:1      | Found Hifidig's Book Emporium.
   895 | D:2      | XOM: butterfly on damage
   905 | D:2      | Reached XP level 4. HP: 28/37 MP: 4/4
   993 | D:2      | XOM: silly message
  1316 | D:2      | XOM: give mutation
  1316 | D:2      | Gained mutation: You are partially covered in iridescent
                  | scales. (AC +2) [Xom's grace]
  1813 | D:3      | XOM: cloud trail
  1933 | D:3      | Reached skill level 4 in Axes
  1933 | D:3      | Noticed Natasha
  1947 | D:3      | Killed Natasha
  1948 | D:3      | Reached XP level 5. HP: 38/43 MP: 5/5
  1957 | D:3      | Noticed Natasha
  1968 | D:3      | Killed Natasha
  2003 | D:3      | Noticed Sigmund
  2101 | D:3      | Killed Sigmund
  2102 | D:3      | Reached skill level 5 in Fighting
  2102 | D:3      | Reached skill level 5 in Axes
  2102 | D:3      | Reached XP level 6. HP: 50/51 MP: 6/6
  2117 | D:3      | Found a stormy altar of Qazlal.
  2117 | D:3      | Noticed an air elemental
  2118 | D:3      | Noticed a water elemental
  2118 | D:3      | Noticed a fire elemental
  2184 | D:3      | Found a glowing golden altar of the Shining One.
  2229 | D:3      | Identified the ring of Fouddost {rC+ Will+ Int-5 Dex+3}
                  | (Xom gifted it to you on level 3 of the Dungeon)
  2229 | D:3      | XOM: god gift: ring of Fouddost {rC+ Will+ Int-5 Dex+3}
  2258 | D:3      | XOM: stat loss: -1 Str (18/19)
  2369 | D:3      | Noticed Natasha
  2375 | D:3      | Killed Natasha
  2479 | D:3      | Noticed Robin
  2486 | D:3      | XOM: swap monsters
  2492 | D:3      | Killed Robin
  2621 | D:4      | Found a sparkling altar of Nemelex Xobeh.
  2635 | D:4      | Found a broken altar of Ashenzari.
  2675 | D:4      | Reached XP level 7. HP: 48/56 MP: 7/7
  2685 | D:4      | Reached skill level 6 in Axes
  2699 | D:4      | XOM: god gift: fuming ruby potion {god gift}
  2710 | D:4      | Identified a scroll of acquirement
  2710 | D:4      | Acquired 907 gold pieces
  2716 | D:4      | XOM: give mutations
  2716 | D:4      | Gained mutation: You have sharp toenails. [Xom's grace]
  2716 | D:4      | Gained mutation: You are robust. (+10% HP) [Xom's grace]
  2716 | D:4      | Gained mutation: You have very sharp teeth. [Xom's grace]
  2716 | D:4      | Gained mutation: Your movements are slightly less
                  | encumbered by armour. (ER -2) [Xom's grace]
  2851 | D:4      | Noticed Menkaure
  2859 | D:4      | Killed Menkaure
  3037 | D:4      | Noticed Edmund
  3038 | D:4      | XOM: divination: detect items
  3050 | D:4      | Killed Edmund
  3051 | D:4      | Reached skill level 5 in Armour
  3051 | D:4      | Reached XP level 8. HP: 62/68 MP: 8/8
  3116 | D:4      | Reached skill level 7 in Axes
  3151 | D:4      | Found an iron altar of Okawaru.
  3154 | D:4      | XOM: cloud trail
  3287 | D:4      | Noticed Duvessa
  3287 | D:4      | XOM: divination: magic mapping
  3288 | D:4      | Noticed Dowan
  3294 | D:4      | Killed Duvessa
  3300 | D:4      | Lost mutation: You are partially covered in iridescent
                  | scales. (AC +2) [potion of mutation]
  3300 | D:4      | Lost mutation: You sometimes lose the ability to read
                  | scrolls when taking damage. [potion of mutation]
  3300 | D:4      | Lost mutation: You are robust. (+10% HP) [potion of
                  | mutation]
  3304 | D:4      | Killed Dowan
  3405 | D:4      | XOM: god gift: 23 arrows
  3495 | D:4      | XOM: god gift: wand of acid (8)
  3696 | D:4      | XOM: give mutations
  3696 | D:4      | Lost mutation: You have sharp toenails. [Xom's mischief]
  3696 | D:4      | Gained mutation: Your spells are a little harder to cast,
                  | but a little more powerful. [Xom's mischief]
  3696 | D:4      | Lost mutation: Your mind is acute. (Int +2) [Xom's
                  | mischief]
  3696 | D:4      | Gained mutation: Armour fits poorly on your strangely
                  | shaped body. [Xom's mischief]
  3702 | D:4      | Found a staircase to the Ecumenical Temple.
  3752 | D:5      | Entered Level 5 of the Dungeon
  3771 | D:5      | Reached skill level 8 in Axes
  3876 | D:5      | XOM: noise
  3980 | D:5      | Noticed Eustachio
  3984 | D:5      | XOM: cast spell 'Summon Mana Viper'
  3988 | D:5      | Killed Eustachio
  3989 | D:5      | Reached skill level 9 in Axes
  3992 | D:5      | Reached XP level 9. HP: 53/68 MP: 9/9
  4133 | D:5      | XOM: give mutations
  4133 | D:5      | Gained mutation: You have sharp fingernails. [Xom's grace]
  4133 | D:5      | Gained mutation: Your system is resistant to poisons.
                  | (rPois) [Xom's grace]
  4203 | D:5      | Identified the +1 hand axe "Unaczen" {vamp, rC++ rN++
                  | Int-3}
  4212 | D:5      | XOM: summons friendly white imp
  4219 | D:5      | Reached skill level 10 in Axes
  4478 | D:5      | XOM: noise
  4491 | D:5      | XOM: polymorph gnoll -> bullfrog
  4570 | D:5      | XOM is BORED!
  4570 | D:5      | XOM: stat loss: -3 Str (18/21)
  4794 | D:5      | Noticed Blork the orc
  4796 | D:5      | Noticed an unseen horror
  4804 | D:5      | Killed Blork the orc
  4805 | D:5      | Reached skill level 1 in Dodging
  4813 | D:5      | Killed an unseen horror
  4814 | D:5      | Reached skill level 1 in Shields
  5116 | D:5      | XOM: noise
  5128 | D:5      | XOM: silly message
  5229 | D:6      | Reached skill level 11 in Axes
  5467 | D:6      | Found Gibe's Elemental Accessories.
  5475 | D:6      | Bought a tin of tremorstones (2/2) for 520 gold pieces
  5475 | D:6      | Bought a wand of iceblast (7) for 143 gold pieces
  5669 | D:6      | Identified the +8 spear of the Hills {protect, +Rage Int-5
                  | Dex+5 SInv}
  6038 | D:7      | Reached XP level 10. HP: 73/74 MP: 11/11
  6050 | D:7      | XOM: swap monsters
  6294 | D:7      | Found a runed translucent gate.
  6295 | D:7      | Found a runed translucent gate.
  6295 | D:7      | Found a runed translucent gate.
  6352 | D:7      | XOM: polymorph orc warrior -> shapeshifter
  6361 | D:7      | Noticed Maggie
  6458 | D:6      | XOM: noise
  6460 | D:7      | XOM: chaos upgrade
  6631 | D:6      | XOM: enchant monster (bad)
  6957 | D:7      | Killed Maggie
  7113 | D:7      | Found a large runed translucent door.
  7113 | D:7      | Found a large runed translucent door.
  7170 | D:7      | Reached skill level 12 in Axes
  7407 | D:7      | Found a hazy altar of Hepliaklqana.
  7503 | D:7      | Identified the +6 rapier of Success {pain, +Rage rElec rN+
                  | Int-2}
  7597 | D:7      | Noticed Nausicaa's ghost (novice TrMo)
  7669 | D:7      | Found a basalt altar of Yredelemnul.
  7683 | D:7      | Found a glowing silver altar of Zin.
  7858 | D:8      | Found a staircase to the Lair.
  7910 | D:8      | XOM: give mutation
  7910 | D:8      | Lost mutation: Your movements are slightly less encumbered
                  | by armour. (ER -2) [Xom's mischief]
  8023 | D:8      | Reached skill level 5 in Shields
  8026 | D:8      | Found a burning altar of Makhleb.
  8041 | D:8      | Noticed Prince Ribbit
  8047 | D:8      | Killed Prince Ribbit
  8082 | D:8      | XOM: chaos cloud
  8092 | D:8      | HP: 2/74 [acid (6)]
  8415 | D:7      | XOM: noise
  8507 | D:8      | Noticed Pikel
  8514 | D:8      | Killed Pikel
  8575 | D:8      | XOM: summons 6 hostile demons
  8576 | D:8      | Noticed an orange demon
  8980 | D:8      | XOM: silly message
  9100 | D:8      | XOM: summons 6 hostile demons
  9101 | D:8      | Noticed an orange demon
  9212 | D:8      | XOM: give mutation
  9212 | D:8      | Lost mutation: You possess an exceptional clarity of mind.
                  | [Xom's mischief]
  9252 | D:8      | XOM is BORED!
  9289 | D:9      | Found a staircase to the Orcish Mines.
  9310 | D:9      | XOM: scenery: create altars
  9317 | D:8      | XOM: cleaving
  9528 | D:8      | XOM: noise
  9617 | D:9      | XOM: confuse monster(s)
  9621 | D:9      | XOM: destruction
  9623 | D:9      | Reached XP level 11. HP: 59/81 MP: 12/12
  9625 | D:9      | XOM: scenery: create altars
 10451 | D:9      | Reached skill level 5 in Dodging
 10963 | D:9      | Found a shimmering altar of Xom.
 10973 | D:9      | Reached skill level 13 in Axes
 11374 | D:9      | Noticed Psyche
 11377 | D:9      | Killed Psyche
 11477 | D:9      | XOM: enchant monster (bad)
 11854 | D:9      | XOM: blink monster(s)
 11954 | D:9      | XOM: give mutation
 11954 | D:9      | Lost mutation: Your spells are a little harder to cast, but
                  | a little more powerful. [Xom's mischief]
 12338 | D:9      | XOM: cast spell 'Summon Horrible Things'
 12368 | D:9      | Noticed Grum
 12384 | D:9      | Slain by Grum

Illustrated notes

Levels and vault maps discovered:
D:1:      saegor_arrival_under_anarchy, layout_basic, serial_shops, shop,
          nicolae_shop_window_shopping, nicolae_shop_crystal, shop_coins,
          shapermc_ecumenical_altar_venn, hex_intersection
D:2:      layout_basic, st_stairs_11, uniq_crazy_yiuf_cottage
D:3:      layout_loops_cross, tso_metal_star, nicolae_qazlal_style_of_elements,
          serial_aquarium, aquarium_bridge_square [aquarium_subvault_window,
          aquarium_subvault_wall, aquarium_subvault_bridge,
          aquarium_subvault_bridge], aquarium_window_fake, aquarium_window_fake,
          aquarium_window_corridor_2, aquarium_window_1, aquarium_view_2f,
          aquarium_view_2c, aquarium_pool_double, nrook_mini_backslash,
          uniq_natasha, uniq_robin, uniq_sigmund
D:4:      layout_loops_ring, mainiacjoe_overflow_concentric_impassable,
          lemuel_crystal_altar, mainiacjoe_overflow_small_starburst,
          minmay_temple_entry_enclosed_plants, uniq_menkaure, uniq_edmund,
          uniq_duvessa
D:5:      layout_loops_cross, feat_on_display, uniq_eustachio,
          uniq_blork_the_orc
D:6:      layout_basic, nicolae_elemental_shop
D:7:      corexii_shack_village, layout_cave_pools, nzn_hepliaklqana_mist_gate,
          jmf_multi_god_temple2, gammafunk_ghost_icy, uniq_maggie
D:8:      layout_gridville, lemuel_crystal_altar, lair_entry_dummy,
          uniq_prince_ribbit1, uniq_pikel
D:9:      layout_gridville, led_xom_imps, zombieorc2_lemuel,
          amcnicky_mini_rare_corridor_liquid, uniq_grum, uniq_psyche

Skill      XL: |  1  2  3  4  5  6  7  8  9 10 11 |
---------------+----------------------------------+-----
Fighting       | 4 5 7 |  7.4
Axes           | 4 5 6 9 11 12 13 | 13.7
Armour         | 3 4 5 6 |  6.4
Dodging        | 2 4 5 |  5.0
Shields        | 3 5 |  5.0

Action                   |  1- 3 |  4- 6 |  7- 9 | 10-12 || total
-------------------------+-------+-------+-------+-------++-------
Melee: Hand axe          |    85 |   106 |   179 |   376 ||   746
       Kick              |       |       |    12 |       ||    12
       Bite              |       |       |    24 |    48 ||    72
 Abil: Dig               |       |     3 |     7 |     7 ||    17
Evoke: Wand              |       |       |       |     8 ||     8
       Tin of tremorston |       |       |       |     2 ||     2
  Use: Scroll            |       |     1 |    14 |     4 ||    19
       Potion            |       |       |     1 |     6 ||     7
 Stab: Confused          |       |       |       |     2 ||     2
       Sleeping          |       |       |       |     1 ||     1
Armor: Leather armour    |    30 |    37 |    58 |    99 ||   224
       Skin              |       |     2 |       |       ||     2
Dodge: Dodged            |    43 |    64 |   111 |   217 ||   435
Block: Buckler           |       |       |    17 |    79 ||    96

Table legend: (Time is in decaauts)
 A = Elapsed time spent in this place.
 B = Non-inter-level travel time spent in this place.
 C = Inter-level travel time spent in this place.
 D = Time resting spent in this place.
 E = Time spent auto-exploring this place.
 F = Levels seen in this place.
 G = Mean time per level.
                   A        B        C        D        E       F      G
               +--------+--------+--------+--------+--------+-----+--------+
         Total |  12266 |  12083 |    183 |   1926 |   8125 |   9 | 1362.9 |
       Dungeon |  12266 |  12083 |    183 |   1926 |   8125 |   9 | 1362.9 |
               +--------+--------+--------+--------+--------+-----+--------+

Top non-repeatable levels by time:
     D:8: 2566 daAuts
     D:9: 1610 daAuts
     D:7: 1524 daAuts
     D:5: 1444 daAuts
     D:6: 1346 daAuts
     D:4: 1142 daAuts
     D:1: 894 daAuts
     D:3: 879 daAuts
     D:2: 858 daAuts
